 Dungeon Crawl Stone Soup version 0.31.0-32-g396128a36d (webtiles) character file.

Game seed: 1597856784893915417

17903 GiantSquids the Executioner (level 12, -9/156 HPs)
             Began as a Hill Orc Berserker on Apr 20, 2024.
             Was a High Priest of Trog.
             Killed from afar by an ice dragon (43 damage)
             ... with a blast of cold
             ... on level 2 of the Orcish Mines.
             The game lasted 00:34:01 (11722 turns).

GiantSquids the Executioner (Hill Orc Berserker)   Turns: 11722, Time: 00:34:01

Health: -9/156     AC: 23    Str: 25    XL:     12   Next: 52%
Magic:  12/12      EV:  7    Int:  7    God:    Trog [*****.]
Gold:   1332       SH:  0    Dex: 10    Spells: 11/11 levels left

rFire   . . .        S - +4 executioner's axe
rCold   . . .        (shield currently unavailable)
rNeg    + . .        a - +0 plate armour
rPois   .            e - +0 helmet
rElec   .            M - +0 cloak
rCorr   .            B - +0 pair of gloves
SInv    .            n - +0 pair of boots
Will    .....        J - amulet of regeneration Stlth
                     H - +4 ring of protection
HPRegen 1.26/turn    R - ring of positive energy
MPRegen 0.13/turn

%: no passive effects
@: berserking, very quick
A: no striking features
a: Renounce Religion, Berserk, Trog's Hand, Brothers in Arms


You were on level 2 of the Orcish Mines.
You worshipped Trog.
Trog was extremely pleased with you.
You visited 2 branches of the dungeon, and saw 14 of its levels.
You also visited: Sewer.

You collected 1332 gold pieces.

Inventory:

Hand Weapons
 S - a +4 executioner's axe (weapon)
Missiles
 g - a throwing net (quivered)
 s - 2 javelins
 O - a curare-tipped dart
Armour
 a - a +0 plate armour (worn)
 e - a +0 helmet (worn)
 n - a +0 pair of boots (worn)
 B - a +0 pair of gloves (worn)
 M - a +0 cloak (worn)
Jewellery
 b - a ring of flight
 H - a +4 ring of protection (left hand)
 J - an amulet of regeneration (around neck)
 N - an amulet of faith
 R - a ring of positive energy (right hand)
Wands
 l - a wand of digging (2)
 m - a wand of light (15)
 o - a wand of flame (41)
 q - a wand of iceblast (4)
 E - a wand of charming (10)
Scrolls
 d - 6 scrolls of fear
 f - a scroll of revelation
 h - 2 scrolls of summoning
 j - 3 scrolls of teleportation
 k - a scroll of torment {unknown}
 A - a scroll of amnesia {unknown}
 C - 2 scrolls of blinking {unknown}
 K - a scroll of identify {unknown}
 L - a scroll of brand weapon {unknown}
Potions
 c - 5 potions of curing {unknown}
 i - a potion of invisibility {unknown}
 p - 4 potions of mutation {unknown}
 r - a potion of heal wounds {unknown}
 t - 5 potions of brilliance {unknown}
 u - 3 potions of degeneration {unknown}
 v - 2 potions of magic {unknown}
 w - a potion of might {unknown}
 x - a potion of resistance {unknown}
 z - 2 potions of cancellation {unknown}
 D - a potion of berserk rage {unknown}
 F - a potion of enlightenment {unknown}
 I - a potion of lignification {unknown}
Miscellaneous
 P - a box of beasts


   Skills:
 - Level 9.0 Fighting
 * Level 21.9 Axes
 - Level 9.0 Armour
 - Level 1.5 Dodging


You had 11 spell levels left.
You didn't know any spells.
Your spell library was empty.

Dungeon Overview and Level Annotations

Branches:
Dungeon (12/15)            Temple (0/1) D:5            Lair (0/5) D:11
    Orc (2/2) D:10            Elf (0/3) Orc:2         Sewer (visited)

Altars:
Ashenzari
Cheibriados
Dithmenos
Nemelex Xobeh
Sif Muna
Wu Jian
Yredelemnul
Zin

Shops:
D:9 :   D:10 *   D:12 [

Portals:
Ice
Cave: Orc:2

Annotations:
D:3 1 runed translucent door, Crazy Yiuf
Orc:1 4 transporters


Message History

Trog accepts your kill.
The polar bear bites you but does no damage.
The polar bear closely misses you.
The polar bear claws you but does no damage.
The ice dragon bites you!
* * * LOW HITPOINT WARNING * * *
The ice dragon claws you!
* * * LOW HITPOINT WARNING * * *
The ice dragon tramples you.
* * * LOW HITPOINT WARNING * * *
You hold your ground!
Things that are here:
38 gold pieces; a yak corpse You slash the ice dragon!
The ice dragon is lightly wounded.
You slash the polar bear! The polar bear completely misses you.
The polar bear claws you but does no damage. x2
The ice dragon bites you but does no damage.
The ice dragon closely misses you.
The ice dragon tramples you but does no damage.
You slice the ice dragon!!
The ice dragon is moderately wounded.
You slash the polar bear! You barely miss the ice dragon.
The ice dragon is moderately wounded.
You slash the polar bear!
The polar bear goes berserk!
The ice dragon bites you.
* * * LOW HITPOINT WARNING * * *
The ice dragon claws you but does no damage.
The ice dragon tramples you but does no damage.
You slash the ice dragon!
The ice dragon is heavily wounded.
You slash the polar bear!
You kill the polar bear!
Trog accepts your kill.
You hit the ice dragon but do no damage.
The ice dragon is heavily wounded.
The ice dragon breathes frost at you. The blast of cold hits you!!!
You die...

*** ****,,,*******
***,,,,,,* ,,**
**,,*##...## *,,,,,,,,*
,,,**
*,,*#.....****,,,,,,,*
,*,∩*
****#..∩..**,,,,,,,,**
,*,,** *....,**,,,,,,,,*
,,*,∩* *#...***,,,,**,**
,,*,,* *,..##**,,,,,***
,,,*,* **#†D#*,,,,,**
,,,*,* #@#**,,,,,**
,,,,,* ##†# *,,,,<,*
,,,*,* #.## *,,,,*****
,,,*,* ##.##**,,,***,*
,,*,,* #####.###...,,,,**
,,*,∩*
###.#..........,,,,**
,*,,**
###.......#.#....,,,,,*
,*,∩*
#.........###**#...,,,***
,,,** ##......###
*###..,,,,,,


You could see an ice dragon (catching breath).

Vanquished Creatures
  A boulder beetle (D:11)
  A two-headed ogre (D:10)
  An orc sorcerer (Orc:1)
  Maurice (D:9)
  A manticore (D:12)
  2 kobold blastminers (Orc:1)
  A kobold demonologist (D:10)
  A komodo dragon (D:11)
  A rime drake (D:11)
  A gargoyle (D:11)
  5 trolls
  4 polar bears
  Prince Ribbit (D:9)
  4 fire bats (D:10)
  2 wyverns
  A shadow (D:10)
  4 wraiths
  A fire elemental (D:10)
  24 yaks
  4 vampire mosquitoes
  2 wargs (Orc:1)
  An acid dragon (D:10)
  3 water moccasins
  A hell hound (D:10)
  5 ice beasts (D:11)
  10 orc warriors
  4 wolves
  7 ogres
  3 centaurs
  3 kobold brigands
  7 bullfrogs
  5 wights (D:7)
  3 howler monkeys
  4 bombardier beetles
  2 lava snakes (D:10)
  A bullfrog zombie (D:4)
  3 hounds
  A gnoll bouda (D:5)
  7 orc priests
  3 jellies (D:7)
  An iguana (D:7)
  17 orc wizards
  A hound zombie (D:4)
  13 adders
  10 gnolls
  5 river rats
  2 white imps
  A ribbon worm (D:5)
  2 dart slugs (D:1)
  57 orcs
  10 endoplasms
  3 giant cockroaches
  10 goblins
  7 hobgoblins
  4 quokkas
  18 ball pythons
  2 bats (D:1)
  11 frilled lizards
  19 kobolds
  25 rats
354 creatures vanquished.

Vanquished Creatures (collateral kills)
  A polar bear (D:11)
  An ice beast (D:11)
2 creatures vanquished.

Grand Total: 356 creatures vanquished

Notes
Turn   | Place    | Note
-------+----------+-------------------------------------------
     0 | D:1      | GiantSquids the Hill Orc Berserker began the quest for the
                  | Orb.
     0 | D:1      | Reached XP level 1. HP: 19/19 MP: 1/1
    98 | D:1      | Reached XP level 2. HP: 20/27 MP: 2/2
   503 | D:1      | Reached XP level 3. HP: 11/33 MP: 3/3
   615 | D:1      | Reached ** piety under Trog
   643 | D:1      | Found a faded altar of an unknown god.
  1029 | D:2      | Reached skill level 5 in Axes
  1224 | D:2      | Reached XP level 4. HP: 39/40 MP: 4/4
  1932 | D:3      | Reached XP level 5. HP: 24/47 MP: 1/5
  2101 | D:3      | Reached skill level 6 in Axes
  2224 | D:3      | Found a runed translucent door.
  2225 | D:3      | Noticed Crazy Yiuf
  2429 | D:3      | Reached *** piety under Trog
  3098 | D:4      | Reached XP level 6. HP: 55/55 MP: 6/6
  3116 | D:4      | Reached skill level 5 in Fighting
  3135 | D:4      | Reached skill level 7 in Axes
  3223 | D:4      | Found a glowing drain.
  3227 | Sewer    | Entered a sewer
  3446 | Sewer    | Reached **** piety under Trog
  3604 | Sewer    | Reached XP level 7. HP: 61/61 MP: 4/7
  3606 | Sewer    | Reached skill level 8 in Axes
  4188 | D:4      | Found a basalt altar of Yredelemnul.
  4302 | D:5      | Entered Level 5 of the Dungeon
  4528 | D:5      | Reached skill level 5 in Armour
  4634 | D:5      | Reached skill level 9 in Axes
  4651 | D:5      | Reached XP level 8. HP: 68/71 MP: 8/8
  5029 | D:5      | Found a staircase to the Ecumenical Temple.
  5397 | D:6      | Reached skill level 10 in Axes
  5825 | D:6      | Found a shadowy altar of Dithmenos.
  5825 | D:6      | Found a broken altar of Ashenzari.
  5827 | D:6      | Found a shimmering blue altar of Sif Muna.
  5829 | D:6      | Found a sparkling altar of Nemelex Xobeh.
  6190 | D:7      | Identified the +3 robe of Orubeuci {Harm rElec rF- rN++}
  6658 | D:7      | Noticed a wyvern
  6668 | D:7      | Killed a wyvern
  6669 | D:7      | Reached skill level 11 in Axes
  6669 | D:7      | Reached XP level 9. HP: 79/79 MP: 9/9
  7115 | D:8      | Found a glowing silver altar of Zin.
  7397 | D:8      | Reached skill level 12 in Axes
  7678 | D:8      | You fall into a shaft and drop 3 floors!
  7709 | D:11     | Noticed a boulder beetle
  7738 | D:11     | Killed a boulder beetle
  7739 | D:11     | Reached skill level 13 in Axes
  7739 | D:11     | Reached XP level 10. HP: 89/91 MP: 10/10
  7852 | D:11     | Noticed a kobold demonologist
  7855 | D:11     | Noticed a soul eater
  7855 | D:10     | Entered Level 10 of the Dungeon
  7865 | D:10     | Killed a kobold demonologist
  7899 | D:10     | Reached skill level 14 in Axes
  7924 | D:10     | Reached skill level 15 in Axes
  7950 | D:10     | Noticed a two-headed ogre
  7977 | D:10     | Killed a two-headed ogre
  8344 | D:9      | Found Fafad's Self-Published Books.
  8376 | D:9      | Noticed Maurice
  8393 | D:9      | Reached skill level 16 in Axes
  8420 | D:9      | Reached XP level 11. HP: 97/97 MP: 7/11
  8431 | D:9      | Killed Maurice
  8432 | D:9      | Reached skill level 17 in Axes
  8441 | D:9      | Noticed Prince Ribbit
  8479 | D:9      | Killed Prince Ribbit
  8843 | D:9      | Found a snail-covered altar of Cheibriados.
  9008 | D:10     | Reached ***** piety under Trog
  9066 | D:10     | Found a staircase to the Orcish Mines.
  9304 | D:10     | Reached skill level 18 in Axes
  9552 | D:10     | Found Giguuzaf's Assorted Antiques.
  9765 | D:11     | Reached skill level 19 in Axes
  9926 | D:11     | Received a gift from Trog
  9941 | D:11     | Found a staircase to the Lair.
  9950 | D:11     | Reached skill level 20 in Axes
  9961 | D:11     | Reached XP level 12. HP: 98/104 MP: 12/12
 10496 | D:12     | Found Xuhaneth's Antique Armour Shop.
 10501 | D:12     | Noticed a death knight
 10856 | Orc:1    | Entered Level 1 of the Orcish Mines
 11035 | Orc:1    | Reached skill level 21 in Axes
 11038 | Orc:1    | Found an ornate altar of the Wu Jian Council.
 11038 | Orc:1    | Found a transporter.
 11043 | Orc:1    | Found a transporter.
 11243 | Orc:1    | Found a transporter.
 11265 | Orc:1    | Found a transporter.
 11273 | Orc:1    | Noticed an orc warlord
 11443 | Orc:1    | Found an ornate altar of the Wu Jian Council.
 11653 | Orc:2    | Entered Level 2 of the Orcish Mines
 11680 | Orc:2    | Found a frozen archway.
 11681 | Orc:2    | Noticed an ice dragon
 11722 | Orc:2    | Killed from afar by an ice dragon

Illustrated notes

Levels and vault maps discovered:
D:1:      saegor_arrival_simple_b, layout_loops_ring,
          ebering_ecumenical_altar_webs, minmay_statues_item, st_stairs_10
D:2:      layout_basic
D:3:      layout_loops_corners, uniq_crazy_yiuf_cottage
D:4:      layout_loops_ring, lemuel_zombie_altar_yredelemnul,
          mainiacjoe_sewer_entry_somewhere_in_here_2
D:5:      layout_rooms, nicolae_overflow_hidden_temple,
          minmay_temple_entry_butterflies, minmay_quadrilaterals
D:6:      layout_basic, minitemple
D:7:      layout_gridville
D:8:      layout_gridville, mainiacjoe_overflow_alcove_4,
          minmay_misc_feat_square
D:9:      layout_rooms, chei_slow_surprise, nicolae_custom_books,
          uniq_prince_ribbit1, uniq_maurice
D:10:     layout_long_grid, hiddenorc2_lemuel, serial_shops, shop_coins,
          hangedman_incinerator
D:11:     layout_small_grid, hellmonk_lair_entry_icy
D:12:     layout_grid_maze, serial_shops, nicolae_shop_waterfront,
          chequers_serial_rivers_room_b, minmay_checkerbox
Orc:1:    dreamdust_wu_jian_sword_trials, layout_caves
Orc:2:    st_orc_elflike, layout_diamond_mine, serial_shops,
          nicolae_shop_competitors_out_of_business,
          portal_ice_cave_entry_animals_and_master, kennysheep_orc_sif_temple,
          uniq_erolcha

Skill      XL: |  1  2  3  4  5  6  7  8  9 10 11 12 |
---------------+-------------------------------------+-----
Fighting       | 4 5 6 7 9 |  9.0
Axes           | 5 6 7 9 11 13 16 20 21 | 21.9
Armour         | 3 4 5 6 7 9 |  9.0
Dodging        | |  1.5

Action                     |  1- 3 |  4- 6 |  7- 9 | 10-12 || total
---------------------------+-------+-------+-------+-------++-------
  Melee: Hand axe          |    89 |   287 |   378 |   233 ||   987
         Punch             |     2 |     2 |     8 |     7 ||    19
         Battleaxe         |       |       |       |   144 ||   144
         War axe           |       |       |       |    49 ||    49
         Executioner's axe |       |       |       |   149 ||   149
  Throw: Throwing net      |       |       |       |     2 ||     2
 Invoke: Berserk           |       |     3 |     5 |     3 ||    11
         Trog's Hand       |       |       |       |     1 ||     1
    Use: Scroll            |       |       |       |    14 ||    14
   Stab: Sleeping          |     3 |       |       |       ||     3
         Held in net/web   |       |       |       |     1 ||     1
 Armour: Animal skin       |    45 |    22 |       |       ||    67
         Scale mail        |       |   179 |   204 |       ||   383
         Ring mail         |       |     2 |       |       ||     2
         Plate armour      |       |       |     8 |   560 ||   568
  Dodge: Dodged            |    60 |   140 |   168 |   178 ||   546
